 Dungeon Crawl Stone Soup version 0.19.5 (webtiles) character file.

38 tidbits the Twirler (level 3, 0/24 HPs)
             Began as a High Elf Wanderer on Oct 31, 2017.
             Was a Follower of Cheibriados.
             Succumbed to an adder's poison
             ... on level 2 of the Dungeon.
             The game lasted 00:03:41 (349 turns).

tidbits the Twirler (High Elf Wanderer)              Turns: 349, Time: 00:03:41

Health: 0/24       AC:  5    Str: 16    XL:     3   Next: 25%
Magic:  1/4        EV: 11    Int: 17    God:    Cheibriados [*.....]
Gold:   5          SH:  0    Dex: 15    Spells: 0 memorised, 2 levels left

rFire  . . .     SeeInvis .     a - +0 quarterstaff
rCold  . . .     Gourm    .     B - +0 ring mail
rNeg   . . .     Faith    .     (shield currently unavailable)
rPois  .         Spirit   .     (no helmet)
rElec  .         Reflect  .     (no cloak)
rCorr  .         Harm     .     (no gloves)
MR     .....                    (no boots)
Stlth  ++........               (no amulet)
                                (no ring)
                                (no ring)

@: lethally poisoned (0 -> -11), flying, very slow
A: no striking features
a: Bend Time, Renounce Religion


You were on level 2 of the Dungeon.
You worshipped Cheibriados.
Cheibriados was aware of your devotion.
You were not hungry.

You visited 1 branch of the dungeon, and saw 2 of its levels.

You collected 5 gold pieces.

Inventory:

Hand Weapons
 a - a +0 quarterstaff (weapon)
 b - a +2 blowgun
 d - a +0 dagger
Missiles
 e - 23 bolts
 h - 53 arrows
 k - 13 stones (quivered)
Armour
 l - a +0 robe
 B - a +0 ring mail (worn)
   (You found it on level 2 of the Dungeon)
Scrolls
 i - 2 scrolls of remove curse {unknown}
 j - a scroll of fog {unknown}
Potions
 f - a potion of lignification
Comestibles
 c - a bread ration


   Skills:
 + Level 1.7 Fighting
 - Level 4.0 Staves
 - Level 1.0 Throwing
 + Level 2.4 Dodging
 - Level 3.2 Stealth
 - Level 1.0 Unarmed Combat
 + Level 1.0 Invocations


You had 2 spell levels left.
You didn't know any spells.

Dungeon Overview and Level Annotations

Branches:
Dungeon (2/15)

Altars:
Cheibriados
Elyvilon
Fedhas
Nemelex Xobeh
Xom
Zin
The Shining One


Message History

Adjust to which letter? (? for menu, Esc to quit)
B - a +0 ring mail (worn);
l - a +0 robe
h - 53 arrows (gained 22)
Found 5 gold pieces.
You now have 5 gold pieces.
A worm comes into view.
Unknown command.
Throwing (i - inventory):
k - 15 stones (quivered)
Press: ? - help, Shift-Dir - straight line, f - worm
Aim: a worm You throw a stone.
The stone hits the worm.
The worm is lightly wounded.
You hit the worm.
The worm is lightly wounded.
The worm bites you!
* * * LOW HITPOINT WARNING * * *
You sock the worm!
The worm is heavily wounded.
You sock the worm!
The worm is almost dead.
The worm bites you.
* * * LOW HITPOINT WARNING * * *
You sock the worm!
You kill the worm!
Your Invocations skill increases to level 1!
Wield which item (- for none, * to show all)? (? for menu, Esc to quit)
b - a +2 blowgun (weapon)
You swing at nothing.
You swing at nothing.
You swing at nothing.
You swing at nothing.
You swing at nothing.
You swing at nothing.
You swing at nothing.
You swing at nothing.
You swing at nothing.
You swing at nothing.
You swing at nothing.
You swing at nothing.
You swing at nothing.
You swing at nothing.
You swing at nothing.
You swing at nothing.
You swing at nothing.
You swing at nothing.
You swing at nothing.
You swing at nothing.
You swing at nothing.
You swing at nothing.
You swing at nothing.
You swing at nothing.
You swing at nothing.
You swing at nothing.
You swing at nothing.
You swing at nothing.
You swing at nothing.
You swing at nothing.
You swing at nothing.
You swing at nothing.
You swing at nothing.
You swing at nothing.
Wield which item (- for none, * to show all)? (? for menu, Esc to quit)
a - a +0 quarterstaff (weapon)
You see here a worm corpse.
k - 15 stones (gained 1)
An adder comes into view.
Throwing (i - inventory):
k - 15 stones (quivered)
Press: ? - help, Shift-Dir - straight line, f - adder
Aim: an adder (resting)
You throw a stone. The stone hits the adder.
The adder hisses angrily.
The adder is lightly wounded.
Throwing (i - inventory):
k - 14 stones (quivered)
Press: ? - help, Shift-Dir - straight line, f/p - adder
Aim: an adder (lightly wounded)
You throw a stone. The stone closely misses the adder.
You fail to use your ability.
The adder bites you but does no damage. The flow of time bends around you.
Cheibriados rebukes the adder.
The adder seems to slow down.
You feel slightly more hungry. The adder barely misses you.
You hit the adder.
The adder is moderately wounded.
The adder bites you.
* * * LOW HITPOINT WARNING * * *
You are poisoned.
The adder poisons you!
You barely miss the adder.
The adder is moderately wounded.
You feel sick. The adder misses you.
You miss the adder.
The adder is moderately wounded.
The adder bites you.
* * * LOW HITPOINT WARNING * * *
You are more poisoned.
The adder poisons you!
It was a potion of flight.
You feel very buoyant.
You fly up into the air.
You die...

#.....#
#####.#####.#...##
#............
##.######... #.#
.# #†#######.#
#.........#
###.......#
#.####@## #.# #S#
#.# #(# #.# #.#
... (.# #.# ###
#.#


You could see an adder.

Vanquished Creatures
  2 adders (D:2)
  An ooze (D:2)
  A worm (D:2)
  2 goblins (D:1)
  2 hobgoblins
  3 bats
  2 kobolds
13 creatures vanquished.

Notes
Turn   | Place    | Note
-------+----------+-------------------------------------------
     0 | D:1      | tidbits the High Elf Wanderer began the quest for the Orb.
     0 | D:1      | tidbits set off with: a curare-tipped needle, a +2 blowgun, a +0 quarterstaff, a potion of lignification, a +0 robe, a +0 dagger, a bread ration
     0 | D:1      | Reached XP level 1. HP: 11/11 MP: 2/2
    59 | D:1      | Reached skill level 1 in Fighting
    76 | D:2      | Reached skill level 2 in Dodging
    76 | D:2      | Reached XP level 2. HP: 11/18 MP: 3/3
   100 | D:2      | Found a glowing golden altar of the Shining One.
   100 | D:2      | Found a glowing silver altar of Zin.
   100 | D:2      | Found a white marble altar of Elyvilon.
   156 | D:2      | Found a shimmering altar of Xom.
   156 | D:2      | Found a blossoming altar of Fedhas.
   161 | D:2      | Found a faded altar of an unknown god.
   163 | D:2      | Found a faded altar of an unknown god.
   164 | D:2      | Found a sparkling altar of Nemelex Xobeh.
   169 | D:2      | Became a worshipper of Cheibriados the Contemplative
   169 | D:2      | Reached * piety under Cheibriados
   238 | D:2      | Reached XP level 3. HP: 16/23 MP: 4/4
   292 | D:2      | Reached skill level 1 in Invocations
   348 | D:2      | HP: 1/24 [adder (4)]
   349 | D:2      | Succumbed to an adder's poison

Skill      XL: |  1  2  3 |
---------------+----------+-----
Fighting       | 1 |  1.7
Dodging        | 2 |  2.4
Invocations    | 1 |  1.0
Staves         | |  4.0
Throwing       | |  1.0
Stealth        | |  3.2
Unarmed Combat | |  1.0

Action                   || total
-------------------------++-------
Melee: Quarterstaff      ||    45
       Dagger            ||     1
 Fire: Blowgun           ||     1
Throw: Stone             ||     5
Invok: Bend Time         ||     1
  Use: Potion            ||     1
 Stab: Sleeping          ||     2
Armor: Robe              ||     8
       Ring mail         ||     1
Dodge: Dodged            ||    29

Table legend:
 A = Turns spent in this place as a percentage of turns spent in the entire game.
 B = Non-inter-level travel turns spent in this place as a percentage of non-inter-level travel turns spent in the entire game.
 C = Inter-level travel turns spent in this place as a percentage of turns spent in this place.
 D = Turns resting spent in this place as a percentage of non-inter-level travel turns spent in this place.
 E = Turns spent auto-exploring this place as a percentage of non-inter-level travel turns spent in this place.
 F = Non-inter-level travel turns spent in this place divided by the number of levels of this place that you've seen.
                   A       B       C       D       E      F
               +-------+-------+-------+-------+-------+----------------------
         Total | 100.0 | 100.0 |   0.0 |   0.0 |   0.0 | 161.5
       Dungeon | 100.0 | 100.0 |   0.0 |   0.0 |   0.0 | 161.5
               +-------+-------+-------+-------+-------+----------------------

Table legend:
 A = Kills in this place as a percentage of kills in entire the game.
 B = Kills by you in this place as a percentage of kills by you in the entire game.
 C = Kills by friends in this place as a percentage of kills by friends in the entire game.
 D = Other kills in this place as a percentage of other kills in the entire game.
 E = Experience gained in this place as a percentage of experience gained in the entire game.
 F = Experience gained in this place divided by the number of levels of this place that you have seen.
                   A       B       C       D       E      F
               +-------+-------+-------+-------+-------+----------------------
         Total | 100.0 | 100.0 |  -nan |  -nan | 100.0 |  27.5
       Dungeon | 100.0 | 100.0 |  -nan |  -nan | 100.0 |  27.5
               +-------+-------+-------+-------+-------+----------------------

Vault maps used:
D:1:      mrwooster_arrival_statue
D:2:      good_gods_mini_temple, chequers_temple_overflow_minitemple,
          first_bread
